 Dungeon Crawl Stone Soup version 0.27.0-1-g7a089689b8 (webtiles) character file.

Game seed: 1243929025212397232

21855 SnakkuSnakku7 the Severer (level 12, -11/60 HPs)
             Began as a Vine Stalker Berserker on Aug 11, 2021.
             Was a High Priest of Trog.
             Mangled by a boulder beetle (19 damage)
             ... on level 11 of the Dungeon.
             The game lasted 00:11:23 (9176 turns).

SnakkuSnakku7 the Severer (Vine Stalker Berserker)  Turns: 9176, Time: 00:11:23

Health: -11/60     AC: 17    Str: 25    XL:     12   Next: 94%
Magic:  0/13       EV:  7    Int:  7    God:    Trog [*****.]
Gold:   118        SH:  0    Dex: 14    Spells: 11/11 levels left

rFire    . . .     SeeInvis .   a - +3 battleaxe (freeze)
rCold    . . .     Faith    +   (shield currently unavailable)
rNeg     . . .     Spirit   +   B - +0 plate armour
rPois    .         Reflect  .   t - +0 helmet
rElec    .         Harm     .   E - scarf {shadows}
rCorr    .         Rampage  .   (no gloves)
Will     +....                  P - +1 pair of boots {Stlth+}
Stlth    ..........             u - amulet of faith
HPRegen  1.20/turn              G - +4 ring of protection
MPRegen  0.13/turn              d - ring of flight

@: about to teleport, on berserk cooldown, flying, slowed, very slow
A: fangs 3, regeneration 1, magic shield, antimagic bite, no potion heal 2
a: Renounce Religion, Berserk, Trog's Hand, Brothers in Arms


You were on level 11 of the Dungeon.
You worshipped Trog.
Trog was extremely pleased with you.
You visited 1 branch of the dungeon, and saw 11 of its levels.

You collected 546 gold pieces.
You spent 428 gold pieces at shops.

Inventory:

Hand Weapons
 a - a +3 battleaxe of freezing (weapon)
 h - a +0 broad axe
 K - a +1 hand axe of flaming
 N - a +3 antimagic battleaxe
Missiles
 i - 8 curare-tipped darts (quivered)
Armour
 t - a +0 helmet (worn)
 B - a +0 plate armour (worn)
 E - a scarf of shadows (worn)
 P - a +1 pair of boots of stealth (worn)
Jewellery
 d - a ring of flight (right hand)
 u - an amulet of faith (around neck)
 G - a +4 ring of protection (left hand)
 M - a ring of ice
Wands
 b - a wand of flame (18)
 q - a wand of iceblast (19)
 s - a wand of polymorph (17)
Scrolls
 e - 2 scrolls of vulnerability {unknown}
 f - 3 scrolls of enchant armour {unknown}
 g - 3 scrolls of teleportation
 j - 7 scrolls of identify {unknown}
 k - 2 scrolls of magic mapping {unknown}
 l - 2 scrolls of fear {unknown}
 o - 3 scrolls of noise {unknown}
 p - 2 scrolls of immolation {unknown}
 r - a scroll of torment {unknown}
 y - a scroll of blinking {unknown}
 C - a scroll of amnesia {unknown}
 H - a scroll of acquirement {unknown}
 L - 2 scrolls of enchant weapon {unknown}
 O - a scroll of silence {unknown}
Potions
 c - a potion of attraction {unknown}
 m - 2 potions of flight {unknown}
 n - 6 potions of curing {unknown}
 w - 2 potions of lignification {unknown}
 x - 3 potions of haste {unknown}
 A - 4 potions of might {unknown}
 D - 2 potions of heal wounds {unknown}
 F - 2 potions of ambrosia {unknown}
 I - a potion of resistance {unknown}
 J - a potion of brilliance {unknown}
Miscellaneous
 v - a box of beasts


   Skills:
 - Level 5.0 Fighting
 - Level 5.6 Long Blades
 + Level 17.1 Axes
 - Level 1.5 Armour
 - Level 1.5 Dodging


You had 11 spell levels left.
You didn't know any spells.
Your spell library was empty.

Dungeon Overview and Level Annotations

Branches:
Dungeon (11/15)            Temple (0/1) D:6            Lair (0/6) D:8
    Orc (0/2) D:11

Altars:
Cheibriados
Elyvilon
Fedhas
Gozag
Nemelex Xobeh
Okawaru
Qazlal
Ru
Sif Muna
Trog
Wu Jian

Shops:
D:1 (   D:9 [


Innate Abilities, Weirdness & Mutations

You have razor-sharp teeth.
Your natural rate of healing is unusually fast.
When hurt, damage is shared between your health and your magic reserves.
Your bite disrupts and absorbs the magic of your enemies.
Potions cannot restore your health.


Message History

You kill the manticore!
Trog accepts your kill.
You hit the manticore. You freeze the manticore.
You completely miss the wraith. You slice the wraith!! You freeze the wraith.
You bite the wraith!
You destroy the wraith!
Trog accepts your kill.
You barely miss the manticore. You closely miss the vampire mosquito.
The vampire mosquito bites you but does no damage.
The manticore bites you!! The manticore claws you!
The manticore barely misses you.
You are too injured to fight recklessly!
You are too injured to fight recklessly!
Unknown command.
You are too injured to fight recklessly!
Unknown command.
You are no longer berserk.
You are exhausted.
You feel yourself slow down. The vampire mosquito bites you.
* * * LOW HITPOINT WARNING * * *
The vampire mosquito draws strength from your injuries!
The shadow slips into darkness.
The shadow flickers and vanishes!
Deactivating autopickup; reactivate with Ctrl-A.
There is an open door, spattered with blood here.
Unknown command.
You slash the boulder beetle! You freeze the boulder beetle.
You bite the boulder beetle, but do no damage.
The boulder beetle is almost dead.
You closely miss the vampire mosquito.
The vampire mosquito bites you but does no damage.
The boulder beetle bites you!
* * * LOW HITPOINT WARNING * * *
The vampire mosquito barely misses you.
Unknown command.
As you read the scroll of teleportation, it crumbles to dust.
You feel strangely unstable. The vampire mosquito barely misses you.
The vampire mosquito bites you but does no damage.
The boulder beetle bites you!!
You die...

....♣ #.....#..... ...♣
#.....##.... +#####+..♣
#.....##.... #.....#..♣
#.♣♣♣.#.....
#..D..#..♣♣#♣.♣.♣##....
#.cylY#......♣♣♣.##....
#.l*QH#..♣♣#♣.♣.♣##....
#.ZcOy#..♣ #.♣♣♣.##.... #
+#####@..♣ #.....##.... .#
.....B...♣ #.....##.... #+#.
.........♣ #.....##.... ...
♣♣♣.♣♣♣♣♣♣ #♣...♣##.... ♣.♣ ♣.
♣♣.♣♣ ##... #♣.♣
############♣.♣####### ♣..♣♣♣♣♣
##.>.##...............#
.♣.♣♣..♣♣♣#.....#.♣♣♣♣♣...♣♣♣♣♣.#
♣♣♣.♣.♣.♣.∩.....∩.♣ ♣.♣.♣ ♣..


You could see a boulder beetle, a two-headed ogre, a manticore, a komodo dragon,
a yaktaur, a yak, a basilisk, a tengu conjurer, an acid dragon, 2 vampire
mosquitoes, a centaur, a battlesphere and a centaur warrior zombie.

Vanquished Creatures
  Fannar (D:10)
  A hydra (D:11)
  A boulder beetle (D:11)
  7 two-headed ogres
  Pikel (D:3)
  An ugly thing (D:11)
  A manticore (D:11)
  Maurice (D:8)
  A gargoyle (D:11)
  Maggie (D:7)
  A yaktaur (D:11)
  3 trolls
  A shadow (D:10)
  A wraith (D:11)
  24 yaks
  6 wyverns
  A vampire mosquito (D:11)
  A steam dragon (D:6)
  Edmund (D:5)
  An acid dragon (D:10)
  4 water moccasins (D:8)
  4 orc warriors
  A hornet zombie (D:9)
  3 sky beasts
  An ice beast (D:8)
  5 necrophages
  3 ogres
  6 centaurs
  3 phantoms
  A kobold brigand (D:10)
  A gnoll sergeant (D:7)
  A bullfrog (D:8)
  3 scorpions
  2 wyvern skeletons
  14 wights
  11 killer bees
  4 howler monkeys (D:10)
  4 electric eels (D:10)
  7 centaur zombies
  A centaur skeleton (D:7)
  3 hounds
  4 orc priests
  5 iguanas
  9 orc wizards
  Ijyb (D:3)
  A hound zombie (D:5)
  6 gnolls
  A howler monkey skeleton (D:6)
  8 adders
  4 river rats (D:5)
  A white imp (D:6)
  An ufetubus (D:5)
  3 worms
  2 dart slugs
  36 orcs
  5 endoplasms
  3 giant cockroaches (D:1)
  6 goblins
  12 hobgoblins
  6 jackals
  6 kobolds
  3 quokkas
  7 ball pythons
  5 bats
  A frilled lizard (D:3)
  4 rats
278 creatures vanquished.

Vanquished Creatures (others)
  5 fungi (D:8)
  76 plants
81 creatures vanquished.

Grand Total: 359 creatures vanquished

Notes
Turn   | Place    | Note
-------+----------+-------------------------------------------
     0 | D:1      | SnakkuSnakku7 the Vine Stalker Berserker began the quest
                  | for the Orb.
     0 | D:1      | Reached XP level 1. HP: 11/11 MP: 2/2
    64 | D:1      | Reached XP level 2. HP: 8/16 MP: 3/3
    78 | D:1      | Reached skill level 3 in Axes
    86 | D:1      | Found Baba's Antique Weapon Shoppe.
   434 | D:1      | Reached XP level 3. HP: 12/20 MP: 2/4
   682 | D:1      | Reached ** piety under Trog
   964 | D:2      | Gained mutation: Your natural rate of healing is unusually
                  | fast. [Vine Stalker growth]
   964 | D:2      | Reached XP level 4. HP: 16/25 MP: 5/5
   972 | D:2      | Found an ornate altar of the Wu Jian Council.
  1109 | D:2      | Found a faded altar of an unknown god.
  1631 | D:3      | Found a bloodstained altar of Trog.
  1835 | D:3      | Noticed Ijyb
  1847 | D:3      | Killed Ijyb
  1848 | D:3      | Reached skill level 4 in Axes
  1848 | D:3      | Reached XP level 5. HP: 29/29 MP: 6/6
  2156 | D:4      | Noticed an ogre
  2161 | D:4      | Killed an ogre
  2199 | D:4      | Noticed a lemure
  2199 | D:4      | Noticed a lemure
  2199 | D:4      | Noticed Pikel
  2200 | D:4      | Noticed a lemure
  2200 | D:4      | Noticed a lemure
  2232 | D:3      | Killed Pikel
  2233 | D:3      | Reached skill level 5 in Fighting
  2233 | D:3      | Reached skill level 6 in Axes
  2233 | D:3      | Reached XP level 6. HP: 35/35 MP: 7/7
  2233 | D:3      | Reached XP level 7. HP: 39/39 MP: 8/8
  2614 | D:4      | Reached skill level 7 in Axes
  2620 | D:4      | Gained mutation: You have razor-sharp teeth. [Vine Stalker
                  | growth]
  2620 | D:4      | Reached XP level 8. HP: 27/43 MP: 9/9
  2792 | D:5      | Entered Level 5 of the Dungeon
  2803 | D:5      | Noticed Edmund
  2816 | D:5      | Killed Edmund
  2817 | D:5      | Reached skill level 8 in Axes
  2858 | D:5      | Reached *** piety under Trog
  2907 | D:5      | Found a white marble altar of Elyvilon.
  2915 | D:5      | Found a stormy altar of Qazlal.
  2993 | D:5      | Reached skill level 9 in Axes
  3352 | D:5      | Found a shimmering blue altar of Sif Muna.
  3489 | D:6      | Found a sacrificial altar of Ru.
  3490 | D:6      | Found an iron altar of Okawaru.
  3600 | D:6      | Reached XP level 9. HP: 47/47 MP: 10/10
  3650 | D:6      | Found a staircase to the Ecumenical Temple.
  3675 | D:6      | Reached skill level 10 in Axes
  3847 | D:6      | You fall into a shaft and drop 2 floors!
  3898 | D:8      | Found a snail-covered altar of Cheibriados.
  3926 | D:8      | Reached **** piety under Trog
  3936 | D:8      | Reached skill level 11 in Axes
  3999 | D:8      | Found a staircase to the Lair.
  4036 | D:8      | Noticed Maurice
  4207 | D:1      | Bought a bone great sword for 218 gold pieces
  4207 | D:1      | Identified the +6 great sword of Doom {protect, Stlth+}
                  | (You bought it in a shop on level 1 of the Dungeon)
  4630 | D:6      | Reached skill level 1 in Long Blades
  4806 | D:6      | Noticed a two-headed ogre
  4814 | D:6      | Killed a two-headed ogre
  4815 | D:6      | Reached XP level 10. HP: 43/51 MP: 7/11
  5071 | D:6      | Found a sparkling altar of Nemelex Xobeh.
  5234 | D:7      | Reached skill level 5 in Long Blades
  5277 | D:7      | HP: 1/44 [wight (2)]
  5649 | D:7      | Noticed Maggie
  5655 | D:7      | Killed Maggie
  5656 | D:7      | Reached skill level 12 in Axes
  5761 | D:8      | Killed Maurice
  6074 | D:8      | Reached ***** piety under Trog
  6079 | D:8      | Reached skill level 13 in Axes
  6079 | D:8      | Reached XP level 11. HP: 36/55 MP: 3/12
  6398 | D:9      | Found Pocueny's Antique Armour Boutique.
  6543 | D:9      | Noticed a two-headed ogre
  6548 | D:9      | Killed a two-headed ogre
  6824 | D:9      | Noticed a two-headed ogre
  6830 | D:9      | Killed a two-headed ogre
  6831 | D:9      | Reached skill level 14 in Axes
  6961 | D:9      | Noticed a two-headed ogre
  6964 | D:9      | Killed a two-headed ogre
  7426 | D:10     | Entered Level 10 of the Dungeon
  7560 | D:10     | Found a blossoming altar of Fedhas.
  7602 | D:10     | Found an opulent altar of Gozag.
  7646 | D:10     | Noticed Fannar
  7656 | D:10     | Killed Fannar
  7933 | D:10     | Received a gift from Trog
  7945 | D:10     | Reached skill level 15 in Axes
  8151 | D:10     | Reached XP level 12. HP: 46/60 MP: 9/13
  8372 | D:11     | Noticed a two-headed ogre
  8375 | D:11     | Killed a two-headed ogre
  8376 | D:11     | Noticed a two-headed ogre
  8445 | D:9      | Bought a pair of glowing boots for 210 gold pieces
  8539 | D:11     | Killed a two-headed ogre
  8734 | D:11     | Noticed a two-headed ogre
  8737 | D:11     | Killed a two-headed ogre
  8738 | D:11     | Reached skill level 16 in Axes
  8801 | D:11     | Found a staircase to the Orcish Mines.
  8835 | D:11     | Noticed a boulder beetle
  8839 | D:11     | Killed a boulder beetle
  9082 | D:11     | Noticed an eight-headed hydra
  9095 | D:11     | Killed a seven-headed hydra
  9155 | D:11     | Noticed a boulder beetle
  9162 | D:11     | Noticed a two-headed ogre
  9168 | D:11     | Reached skill level 17 in Axes
  9176 | D:11     | Mangled by a boulder beetle

Illustrated notes

Levels and vault maps discovered:
D:1:      dpeg_arrival_lava_temple_mockup, layout_basic, serial_shops,
          nicolae_square_shop
D:2:      layout_basic, serial_glass, glass_columns_c, glass_columns_a,
          chequers_ecumenical_altar_twisty, basic_altar, nrook_mini_backslash,
          minmay_domino_2
D:3:      layout_basic, trog_three_pillars_becter, serial_bayou_pond_e,
          kennysheep_cross_room, uniq_ijyb
D:4:      minmay_octagon_keep, layout_cave_pools, hangedman_decor_opposing,
          uniq_pikel
D:5:      wad_woods_tower, layout_rooms, kennysheep_orc_sif_temple,
          jmf_multi_god_temple, kennysheep_doodads, uniq_edmund
D:6:      layout_layer_cave, nemelex_diamond_rough_becter,
          mainiacjoe_overflow_catch_the_wave, temple_doors_ab,
          minmay_divided_ellipse
D:7:      layout_rooms, uniq_maggie
D:8:      layout_loops_ring, mainiacjoe_overflow_brackets,
          minmay_lair_entry_grove, uniq_maurice
D:9:      layout_layer_cave, serial_shops, nicolae_shop_crystal
D:10:     layout_loops_corners, grunt_gozag_breadcrumbs,
          mainiacjoe_overflow_chevrons, serial_bayou, serial_bayou_shore_a,
          serial_bayou_lagoon_a, serial_bayou_pond_b, serial_bayou_pond_b,
          uniq_fannar
D:11:     nzn_winding_woodlands_stair_trap
          [nzn_winding_woodlands_5x15_concentric,
          nzn_winding_woodlands_5x15_jagged, nzn_winding_woodlands_5x15_parted,
          nzn_winding_woodlands_15x15_killbox,
          nzn_winding_woodlands_5x15_longhouse,
          nzn_winding_woodlands_5x15_split_checker,
          nzn_winding_woodlands_5x15_default], layout_basic, orc_0_dummy

Skill      XL: |  1  2  3  4  5  6  7  8  9 10 11 12 |
---------------+-------------------------------------+-----
Fighting       | 3 4 5 |  5.0
Axes           | 3 4 6 7 9 11 13 15 17 | 17.1
Long Blades    | 4 5 |  5.6
Armour         | |  1.5
Dodging        | |  1.5

Action                   |  1- 3 |  4- 6 |  7- 9 | 10-12 || total
-------------------------+-------+-------+-------+-------++-------
Melee: Hand axe          |    73 |    65 |    94 |     3 ||   235
       Bite              |    12 |    23 |    89 |   142 ||   266
       War axe           |       |       |   168 |    40 ||   208
       Battleaxe         |       |       |       |   320 ||   320
Invok: Berserk           |     4 |     4 |     9 |    16 ||    33
       Trog's Hand       |       |       |     3 |     1 ||     4
Evoke: Wand              |       |       |       |     4 ||     4
  Use: Scroll            |       |       |     1 |     1 ||     2
 Stab: Sleeping          |     1 |       |       |       ||     1
Armor: Animal skin       |    11 |       |       |       ||    11
       Ring mail         |     2 |    17 |    57 |       ||    76
       Plate armour      |       |       |    40 |   268 ||   308
Dodge: Dodged            |    46 |    48 |   143 |   150 ||   387
